 Dungeon Crawl Stone Soup version 0.25-a0-420-g1cc7eeb0d1 (webtiles) character file.

Game seed: 15806364077488315053, levelgen mode: deterministic

1274 Kohma the Shield-Bearer (level 8, -1/62 HPs)
             Began as a Human Fighter on Jan 18, 2020.
             Was a Follower of Okawaru.
             Hit by a boomerang thrown by an orc warrior (4 damage)
             ... on level 6 of the Dungeon.
             The game lasted 00:13:35 (5670 turns).

Kohma the Shield-Bearer (Human Fighter)             Turns: 5670, Time: 00:13:36

Health: -1/62      AC:  8    Str: 24    XL:     8   Next: 83%
Magic:  0/8        EV:  8    Int:  8    God:    Okawaru [*.....]
Gold:   359        SH: 11    Dex: 14    Spells: 7/7 levels left

rFire    + . .     SeeInvis .   u - +5 falchion
rCold    . . .     Gourm    .   c - +0 shield
rNeg     . . .     Faith    .   o - +0 scale mail {rF+}
rPois    .         Spirit   +   n - +2 hat
rElec    .         Reflect  .   q - scarf {Spirit}
rCorr    .         Harm     .   (no gloves)
MR       .....                  (no boots)
Stlth    ..........             (no amulet)
HPRegen  0.20/turn              b - +6 ring of strength
MPRegen  0.11/turn              (no ring)

@: no status effects
A: no striking features
a: Heroism, Renounce Religion


You were on level 6 of the Dungeon.
You worshipped Okawaru.
Okawaru was aware of your devotion.
You were not hungry.

You visited 2 branches of the dungeon, and saw 7 of its levels.

You collected 359 gold pieces.

Inventory:

Hand Weapons
 a - a +0 long sword
 u - a +5 falchion (weapon)
Missiles
 y - 9 poisoned darts (quivered)
Armour
 c - a +0 shield (worn)
 n - a +2 hat (worn)
 o - a +0 scale mail of fire resistance (worn)
 q - a scarf of spirit shield (worn)
Jewellery
 b - a +6 ring of strength (left hand)
 p - an uncursed ring of ice
Wands
 A - a wand of polymorph (3)
Scrolls
 e - 2 scrolls of remove curse
 g - a scroll of magic mapping
 h - a scroll of immolation {unknown}
 i - 4 scrolls of teleportation
 l - 2 scrolls of enchant weapon {unknown}
 m - a scroll of noise
 r - 4 scrolls of identify
 v - a scroll of fog
 x - 2 scrolls of enchant armour {unknown}
Potions
 d - 3 potions of might
 j - a potion of agility {unknown}
 k - a potion of invisibility
 s - a potion of magic
 t - 2 potions of flight
 w - a potion of heal wounds
Comestibles
 f - 5 rations


   Skills:
 + Level 5.3 Fighting
 * Level 6.6 Long Blades
 - Level 3.0 Armour
 * Level 7.0 Shields


You had 7 spell levels left.
You didn't know any spells.
Your spell library contained the following spells:

 Spells                   Type           Power        Failure   Level  Hunger
 Magic Dart               Conj           #...         96%         1    ##.....
 Blink                    Tloc           N/A          99%         2    ###....
 Call Imp                 Summ           #.......     99%         2    ###....
 Slow                     Hex            #.......     99%         2    ###....
 Conjure Flame            Conj/Fire      #.......     100%        3    ####...
 Mephitic Cloud           Conj/Pois/Air  #.......     100%        3    ####...


Dungeon Overview and Level Annotations

Branches:
Dungeon (6/15)             Temple (1/1) D:5

Altars:
Ashenzari
Cheibriados
Dithmenos
Elyvilon
Fedhas
Gozag
Hepliaklqana
Kikubaaqudgha
Makhleb
Nemelex Xobeh
Okawaru
Qazlal
Ru
Sif Muna
Trog
Uskayaw
Vehumet
Wu Jian
Xom
Yredelemnul
Zin
The Shining One

Shops:
D:6 =


Message History

The orc wizard hits you but does no damage.
The orc warrior completely misses you.
You hit the orc wizard.
The orc wizard is heavily wounded.
The orc wizard hits you but does no damage.
You block the orc's attack. The orc warrior closely misses you.
You completely miss the orc wizard.
The orc wizard is heavily wounded.
The orc wizard casts a spell.
The orc wizard seems to speed up.
The orc barely misses you.
The orc warrior hits you from afar with a +0 halberd!!
* * * LOW HITPOINT WARNING * * *
The orc wizard hits you but does no damage.
You hit the orc wizard.
The orc wizard is severely wounded.
The orc wizard gestures wildly while chanting.
The orc wizard blinks!
You block the orc's attack.
There is a shadowy altar of Dithmenos here.
The orc warrior throws a boomerang.
The boomerang hits you.
You die...

.####......#.#.## .#
#...####.#..# .# #...# #.##.#
.######## #.##.# ........#
#.##.# ........# #.##.#####.#
........# #..........# (.......#
####..####.## .....#### ##@##
..# #.###### ###..####.## #
.......# #...o..#§§.##.#
.......# #.)...#o#§#.#§#
.......# #.....o§o§o§.§#
.......# #.....#§#§#o#o#
.......############§#§§.#§o....#
............# #..#§#.....o.#
.......####.# ##....§...$..#


You could see an orc warrior, an orc wizard and 2 orcs.

Vanquished Creatures
  Eustachio (D:6)
  An ogre (D:5)
  2 centaurs
  2 bullfrogs (D:6)
  A scorpion (D:4)
  A jelly (D:5)
  4 orc wizards
  2 hounds
  5 orc priests
  A gnoll shaman (D:4)
  Jessica (D:2)
  Terence (D:2)
  2 worker ants
  A killer bee zombie (D:5)
  A hound skeleton (D:6)
  5 gnolls
  6 adders
  An ooze (D:5)
  2 worms (D:3)
  2 dart slugs
  2 leopard geckos
  20 orcs
  11 giant cockroaches
  3 goblins
  4 hobgoblins
  4 kobolds
  A quokka (D:3)
  A ball python (D:2)
  8 bats
  4 frilled lizards
  A leopard gecko zombie (D:6)
  A quokka skeleton (D:4)
  12 rats
114 creatures vanquished.

Notes
Turn   | Place    | Note
-------+----------+-------------------------------------------
     0 | D:1      | Kohma the Human Fighter began the quest for the Orb.
     0 | D:1      | Reached XP level 1. HP: 18/18 MP: 1/1
    69 | D:1      | Reached XP level 2. HP: 24/24 MP: 2/2
   505 | D:2      | Reached XP level 3. HP: 27/29 MP: 3/3
   527 | D:2      | Found an ancient bone altar of Kikubaaqudgha.
   549 | D:2      | Noticed Terence
   560 | D:2      | Killed Terence
   560 | D:2      | Reached XP level 4. HP: 32/35 MP: 4/4
  1082 | D:2      | Noticed Jessica
  1088 | D:2      | Killed Jessica
  1088 | D:2      | Reached skill level 4 in Shields
  1088 | D:2      | Reached XP level 5. HP: 38/41 MP: 3/5
  1155 | D:2      | Found a glowing golden altar of the Shining One.
  2159 | D:4      | Reached XP level 6. HP: 12/48 MP: 1/6
  3006 | D:4      | Reached skill level 5 in Shields
  3402 | D:4      | Reached XP level 7. HP: 32/54 MP: 5/7
  4152 | D:5      | Entered Level 5 of the Dungeon
  4195 | D:5      | Reached skill level 5 in Long Blades
  4650 | D:5      | Found a staircase to the Ecumenical Temple.
  4659 | Temple   | Entered the Ecumenical Temple
  4776 | Temple   | Became a worshipper of Warmaster Okawaru
  4981 | D:5      | Reached skill level 6 in Shields
  4981 | D:5      | Reached XP level 8. HP: 43/61 MP: 5/8
  5283 | D:6      | Noticed Eustachio
  5295 | D:6      | Killed Eustachio
  5295 | D:6      | Reached skill level 5 in Fighting
  5460 | D:6      | Found Fam Tex's Jewellery Shop.
  5618 | D:6      | Reached * piety under Okawaru
  5637 | D:6      | Found a shadowy altar of Dithmenos.
  5650 | D:6      | Reached skill level 7 in Shields
  5660 | D:6      | HP: 1/62 [orc warrior/+0 halberd (19)]
  5670 | D:6      | Hit by a boomerang thrown by an orc warrior

Levels and vault maps discovered:
D:1:      psy_arrival_dodecagon, layout_rooms
D:2:      layout_loops_ring, lemuel_round_altar, nicolae_tso_swordbearing_angel,
          uniq_jessica, uniq_terence
D:3:      layout_loops_ring
D:4:      layout_rooms, first_ration
D:5:      layout_gridville, minmay_temple_entry_overgrown
D:6:      layout_basic, serial_shops, shop, grunt_dithmenos_smoke_and_mirrors,
          uniq_eustachio
Temple:   kilobyte_greek_temple

Skill      XL: |  1  2  3  4  5  6  7  8 |
---------------+-------------------------+-----
Long Blades    | 3 4 5 6 |  6.6
Shields        | 4 5 6 7 |  7.0
Fighting       | 4 5 |  5.3
Armour         | |  3.0

Action                   |  1- 3 |  4- 6 |  7- 9 || total
-------------------------+-------+-------+-------++-------
Melee: Long sword        |    76 |   223 |   106 ||   405
       Falchion          |       |       |    66 ||    66
Throw: Dart              |       |       |     1 ||     1
  Use: Scroll            |       |       |    10 ||    10
       Potion            |       |       |     4 ||     4
  Eat: Chunk             |       |     8 |     5 ||    13
       Ration            |       |       |     1 ||     1
Armor: Scale mail        |    49 |   109 |    93 ||   251
Dodge: Dodged            |    19 |    76 |    54 ||   149
Block: Shield            |    33 |   147 |   115 ||   295
       Rpst.: Long sword |     9 |    28 |    11 ||    48
       Falchion          |       |       |     3 ||     3

Table legend:
 A = Non-vault XP
 B = Vault XP
 C = Vault XP percentage of total XP
 D = Non-vault monster count
 E = Vault monster count
 F = Vault count percentage of total count
                 A         B        C        D         E       F
            +---------+---------+-------+---------+---------+-------
      Total |    1556 |     264 |  14.5 |     111 |       3 |   2.6
            +---------+---------+-------+---------+---------+-------
        D:1 |      22 |       0 |   0.0 |      15 |       0 |   0.0
        D:2 |      48 |      73 |  60.3 |      18 |       2 |  10.0
        D:3 |     110 |       0 |   0.0 |      20 |       0 |   0.0
        D:4 |     444 |       0 |   0.0 |      31 |       0 |   0.0
        D:5 |     439 |       0 |   0.0 |      13 |       0 |   0.0
        D:6 |     493 |     191 |  27.9 |      14 |       1 |   6.7
            +---------+---------+-------+---------+---------+-------
